 Dungeon Crawl Stone Soup version 0.30-a0-311-gf115ab0292 (webtiles) character file.

Game seed: 17873687385453218138

69 Lanoc the Firebug (level 4, 0/33 HPs)
             Began as a Hill Orc Fire Elementalist on Oct 25, 2022.
             Slain by an orc
             ... wielding a +0 club
              (4 damage)
             ... on level 2 of the Dungeon.
             The game lasted 00:03:48 (2192 turns).

Lanoc the Firebug (Hill Orc Fire Elementalist)      Turns: 2192, Time: 00:03:49

Health: 0/33       AC:  2    Str: 10    XL:     4   Next: 20%
Magic:  1/6        EV: 12    Int: 17    God:
Gold:   15         SH:  0    Dex: 15    Spells: 3/6 levels left

rFire   . . .      SeeInvis .    n - +2 short sword (freeze)
rCold   + . .      Faith    .    (no shield)
rNeg    . . .      Spirit   .    a - +0 robe
rPois   .          Reflect  .    (no helmet)
rElec   .          Harm     .    l - scarf {repulsion}
rCorr   .          Rampage  .    (no gloves)
Will    .....                    (no boots)
Stlth   ++........               (no amulet)
HPRegen 0.25/turn                i - +6 ring of dexterity
MPRegen 0.10/turn                (no ring)

@: invisible, repel missiles
A: clumsy 1, cold resistance 1
a: no special abilities


You were on level 2 of the Dungeon.
You visited 1 branch of the dungeon, and saw 3 of its levels.

You collected 54 gold pieces.
You spent 39 gold pieces at shops.

Inventory:

Hand Weapons
 n - a +2 short sword of freezing (weapon)
Missiles
 q - 4 curare-tipped darts
Armour
 a - a +0 robe (worn)
 l - a scarf of repulsion (worn)
Jewellery
 i - a +6 ring of dexterity (left hand)
Scrolls
 c - 4 scrolls of identify {unknown}
 d - a scroll of butterflies {unknown}
 e - a scroll of immolation {unknown}
 f - a scroll of poison {unknown}
 k - a scroll of vulnerability {unknown}
 m - a scroll of amnesia {unknown}
 o - a scroll of teleportation
 p - a scroll of noise {unknown}
Potions
 b - a potion of magic
 h - a potion of mutation
 j - a potion of haste {unknown}
 r - 2 potions of ambrosia {unknown}


   Skills:
 + Level 2.3 Dodging
 - Level 1.5 Stealth
 - Level 1.5 Spellcasting
 - Level 1.0 Conjurations
 * Level 4.8 Fire Magic


You had 3 spell levels left.
You knew the following spells:

 Your Spells              Type           Power      Damage    Failure   Level
a - Foxfire               Conj/Fire      44%        2x1d6     6%          1
d - Scorch                Fire           34%        2d7       4%          2

Your spell library contained the following spells:

 Spells                   Type           Power      Damage    Failure   Level
 Inner Flame              Hex/Fire       9%         N/A       22%         3
 Kindle Blastsparks       Fire/Tloc/Air  12%        2d11      30%         3
 Vhi's Electric Charge    Tloc/Air       2%         N/A       52%         3
 Flame Wave               Conj/Fire      11%        2d6       52%         4
 Cause Fear               Hex            0%         N/A       90%         4
 Arcjolt                  Conj/Air       1%         1d11      99%         5
 Dragon Form              Tmut           0%         N/A       100%        7
 Maxwell's Capacitive Co  Air            0%         ∞         100%        8
 Dragon's Call            Summ           0%         N/A       100%        9


Dungeon Overview and Level Annotations

Branches:
Dungeon (3/15)

Altars:

Shops:
D:2 *?[


Innate Abilities, Weirdness & Mutations

You are clumsy. (Dex -2)
Your flesh is cold resistant. (rC+)


Message History

You hear some strange, mumbled words.
You are confused.
You bump into the rock wall.
You bump into the rock wall.
Something hits you but does no damage.
You hit something but do no damage.
A hobgoblin comes into view.
Something hits you.
You bump into the rock wall.
Something hits you. The orc misses you. Something completely misses you.
The orc hits you with a +0 club. The orc attacks as you move away!
The orc misses you.
You feel less confused.
You conjure some foxfire!
Something hits you. The orc hits you with a +0 club.
The foxfire hits the orc but does no damage.
The foxfire hits the orc.
The orc is heavily wounded.
Something hits you. The orc attacks as you move away!
The orc hits you with a +0 club. The orc attacks as you move away!
The orc hits you with a +0 club. Something hits you.
The orc attacks as you move away! The orc hits you with a +0 club.
* * * LOW HITPOINT WARNING * * *
The orc attacks as you move away! The orc hits you with a +0 club.
* * * LOW HITPOINT WARNING * * *
There is a stone staircase leading up here.
You climb upwards.
Reactivating autopickup.
There is a stone staircase leading down here.
It was a potion of invisibility.
You fade into invisibility!
Something hits you.
* * * LOW HITPOINT WARNING * * *
Deactivating autopickup; reactivate with Ctrl-A.
The orc hits you with a +0 club.
* * * LOW HITPOINT WARNING * * *
It was a potion of mutation.
You feel extremely strange.
You feel resistant to cold.
You feel clumsy. Something hits you.
* * * LOW HITPOINT WARNING * * *
The orc hits you with a +0 club.
You die...

.#####....†....# ##....# ###
...............#######.#### #..
.#####..........##........#####.#
.# #...........÷....###.......#
.# #.........###....# ###.#.###
.# #.....∩...# ####.####..#....
## ########### ###...#...#....
#######........##....
#...@o..######..#....
#############.####### ####....
.........†....# #....
############### #...) ........#
##.### ........#
############..###
......(.#########................
..<...............###############
......†.########### #


You could see an orc (unable to see you).

Vanquished Creatures
  2 adders
  A worm (D:2)
  2 dart slugs
  An orc (D:3)
  4 endoplasms
  3 giant cockroaches
  5 goblins (D:2)
  5 hobgoblins
  2 jackals (D:2)
  A kobold (D:2)
  2 quokkas
  3 ball pythons
  3 bats
  2 frilled lizards
  4 rats (D:2)
40 creatures vanquished.

Vanquished Creatures (others)
  103 foxfires
103 creatures vanquished.

Grand Total: 143 creatures vanquished

Notes
Turn   | Place    | Note
-------+----------+-------------------------------------------
     0 | D:1      | Lanoc the Hill Orc Fire Elementalist began the quest for
                  | the Orb.
     0 | D:1      | Reached XP level 1. HP: 14/14 MP: 3/3
   332 | D:1      | Reached XP level 2. HP: 20/20 MP: 0/4
   725 | D:1      | Learned a level 2 spell: Scorch
   890 | D:2      | Reached skill level 4 in Fire Magic
   936 | D:2      | Found Lifaryum's General Store.
   980 | D:2      | Reached XP level 3. HP: 26/26 MP: 1/5
  1568 | D:2      | Found Pyhetag's Magic Scroll Emporium.
  1614 | D:2      | Bought a scroll of teleportation for 39 gold pieces
  1641 | D:2      | Found Jeibb's Antique Armour Boutique.
  1895 | D:3      | Reached XP level 4. HP: 33/33 MP: 1/6
  2192 | D:2      | Gained mutation: Your flesh is cold resistant. (rC+)
                  | [potion of mutation]
  2192 | D:2      | Gained mutation: You are clumsy. (Dex -2) [potion of
                  | mutation]
  2192 | D:2      | Slain by an orc

Illustrated notes

Levels and vault maps discovered:
D:1:      tarquinn_simple_flora_water_c, layout_basic, nrook_campfire,
          minmay_misc_feat_more_columns, kennysheep_minor_cross,
          hangedman_decor_push
D:2:      layout_rooms, serial_shops, nicolae_shop_crystal, shop, shop,
          minmay_goblin_outpost
D:3:      cheibrodos_helix_gallery, layout_basic, minmay_misc_feat_doors,
          roderic_serpentine_path, corner_web_ring, uniq_robin

Skill      XL: |  1  2 |
---------------+-------+-----
Dodging        | 2 |  2.3
Fire Magic     | 4 |  4.8
Stealth        | |  1.5
Spellcasting   | |  1.5
Conjurations   | |  1.0

Action                   |  1- 3 |  4- 6 || total
-------------------------+-------+-------++-------
Melee: Unarmed           |    16 |       ||    16
       Punch             |     2 |       ||     2
       Short sword       |     2 |     8 ||    10
 Cast: Foxfire           |    56 |     9 ||    65
       Scorch            |     2 |       ||     2
  Use: Potion            |       |     2 ||     2
 Stab: Sleeping          |     1 |       ||     1
Armor: Robe              |     6 |     2 ||     8
Dodge: Dodged            |    13 |     8 ||    21

Table legend: (Time is in decaauts)
 A = Elapsed time spent in this place.
 B = Non-inter-level travel time spent in this place.
 C = Inter-level travel time spent in this place.
 D = Time resting spent in this place.
 E = Time spent auto-exploring this place.
 F = Levels seen in this place.
 G = Mean time per level.
                   A        B        C        D        E       F      G
               +--------+--------+--------+--------+--------+-----+--------+
         Total |   2192 |   2147 |     45 |     42 |   1839 |   3 |  730.7 |
       Dungeon |   2192 |   2147 |     45 |     42 |   1839 |   3 |  730.7 |
               +--------+--------+--------+--------+--------+-----+--------+

Top non-repeatable levels by time:
     D:2: 931 daAuts
     D:1: 873 daAuts
     D:3: 386 daAuts
